 Dungeon Crawl Stone Soup version 0.30.0-29-ga12c61a403 (webtiles) character file.

Game seed: 11055426976354891707

43 monsoonserge the Shooter (level 3, -1/28 HPs)
             Began as a Formicid Hunter on June 13, 2023.
             Succumbed to a water moccasin's poison
             ... on level 3 of the Dungeon.
             The game lasted 00:03:49 (1558 turns).

monsoonserge the Shooter (Formicid Hunter)          Turns: 1558, Time: 00:03:50

Health: -1/28      AC:  9    Str: 15    XL:     3   Next: 82%
Magic:  3/3        EV:  7    Int:  8    God:
Gold:   96         SH:  0    Dex: 19    Spells: 2/2 levels left

rFire   . . .        a - +0 shortbow
rCold   . . .        (no shield)
rNeg    . . .        p - +0 chain mail
rPois   .            (helmet unavailable)
rElec   .            (no cloak)
rCorr   .            (no gloves)
SInv    +            r - +0 pair of boots
Will    .....        (no amulet) Stlth
                     (no ring)
HPRegen 0.24/turn    (no ring)
MPRegen 0.08/turn

%: no passive effects
@: lethally poisoned (-1 -> -14)
A: permanent stasis, dig shafts and tunnels, antennae 3, four strong arms
a: Dig, Shaft Self


You were on level 3 of the Dungeon.
You visited 1 branch of the dungeon, and saw 3 of its levels.

You collected 96 gold pieces.

Inventory:

Hand Weapons
 a - a +0 shortbow (weapon)
Missiles
 q - 3 poisoned darts
Armour
 c - a +0 leather armour
 f - a +0 ring mail
 p - a +0 chain mail (worn)
 r - a +0 pair of boots (worn)
Magical Staves
 o - a staff of fire
Jewellery
 n - a ring of fire
Scrolls
 b - 2 scrolls of immolation
 d - a scroll of vulnerability {unknown}
 e - a scroll of enchant armour {unknown}
 i - a scroll of fear {unknown}
 j - 2 scrolls of fog {unknown}
 k - a scroll of enchant weapon {unknown}
 l - 2 scrolls of blinking {unknown}
 m - a scroll of teleportation {unknown}
 s - a scroll of magic mapping {unknown}


   Skills:
 + Level 2.3 Fighting
 * Level 5.1 Ranged Weapons
 * Level 0.3 Armour
 + Level 1.7 Dodging
 + Level 1.2 Stealth


You had 2 spell levels left.
You didn't know any spells.
Your spell library contained the following spells:

 Spells                   Type           Power      Damage    Failure   Level
 Magic Dart               Conj           0%         1d3       100%        1
 Ensorcelled Hibernation  Hex/Ice        0%         N/A       100%        2
 Searing Ray              Conj           0%         2d4       100%        2
 Summon Guardian Golem    Hex/Summ       0%         N/A       100%        3
 Fulminant Prism          Conj/Hex       0%         3d5       100%        4
 Summon Mana Viper        Hex/Summ       0%         N/A       100%        5


Dungeon Overview and Level Annotations

Branches:
Dungeon (3/15)

Altars:
Zin


Innate Abilities, Weirdness & Mutations

You cannot be hasted, slowed, berserked, paralysed or teleported.
You can dig through walls and to a lower floor.
You have a pair of large antennae on your head. (SInv)
Your four strong arms can wield two-handed weapons with a shield.


Message History

You shoot an arrow.
The arrow barely misses the water moccasin.
Okay, then.
You shoot an arrow. The arrow hits the water moccasin!
The water moccasin is moderately wounded.
The water moccasin bites you.
You are poisoned.
The water moccasin poisons you! The water moccasin bites you.
You are lethally poisoned!
The water moccasin poisons you!
The water moccasin bites you but does no damage.
You shoot an arrow. The arrow hits the water moccasin!
The water moccasin is heavily wounded.
You feel extremely sick. The water moccasin bites you.
You are more poisoned.
The water moccasin poisons you! The water moccasin bites you.
* * * LOW HITPOINT WARNING * * *
You are more poisoned.
The water moccasin poisons you!
It was a potion of curing.
You feel better.
The water moccasin bites you but does no damage. x2
You shoot an arrow.
The arrow closely misses the water moccasin.
The water moccasin bites you!
You are lethally poisoned!
The water moccasin poisons you!
The water moccasin bites you but does no damage.
It was a potion of cancellation.
You feel magically purged.
* * * LOW HITPOINT WARNING * * *
You feel very sick. The water moccasin bites you.
* * * LOW HITPOINT WARNING * * *
You are too injured to fight recklessly!
Fire: a) +0 shortbow
Press: ? - help, Q - select action, (/) - cycle Shift-Dir - straight line, f/p - water moccasin
Aim: a water moccasin (heavily wounded, 48% to hit)
You shoot an arrow.
The arrow closely misses the water moccasin.
You die...

.# #[##......# ##
#.#######.# #
#.##......#
#.##.####.##
#..........#
####.####..# #.#
#..# #.# #..# #.#
#.@# ##.## #.S#
##...###..#
#.........#
########....####.#
...>....†#.## #.#
##########.# #.#
..# #.# ..<


You could see a water moccasin.

Vanquished Creatures
  An adder (D:2)
  A worm (D:2)
  4 dart slugs
  3 ball pythons
  4 hobgoblins
  A quokka (D:1)
  4 bats
  4 kobolds
  4 rats
26 creatures vanquished.

Notes
Turn   | Place    | Note
-------+----------+-------------------------------------------
     0 | D:1      | monsoonserge the Formicid Hunter began the quest for the
                  | Orb.
     0 | D:1      | Reached XP level 1. HP: 16/16 MP: 1/1
   120 | D:1      | You fall into a shaft and drop 1 floor!
   216 | D:2      | Reached XP level 2. HP: 22/22 MP: 2/2
   464 | D:2      | Found a glowing silver altar of Zin.
   581 | D:1      | Reached XP level 3. HP: 27/27 MP: 3/3
  1166 | D:2      | Reached skill level 5 in Ranged Weapons
  1177 | D:2      | Got the Exposition on the Curse
  1550 | D:3      | Noticed a water moccasin
  1558 | D:3      | Succumbed to a water moccasin's poison

Illustrated notes

Levels and vault maps discovered:
D:1:      dpeg_arrival_orchard, layout_loops_ring, nicolae_figureground_sparkle
D:2:      layout_loops_corners, basic_altar, ebering_dispersal_statue_hall
D:3:      layout_loops_ring, nicolae_qazlal_style_of_elements,
          nzn_wu_jian_council_hall, nicolae_overflow_hidden_temple,
          serial_shops, nicolae_shop_crystal

Skill      XL: |  1  2  3 |
---------------+----------+-----
Ranged Weapons | 5 |  5.1
Fighting       | |  2.3
Armour         | |  0.3
Dodging        | |  1.7
Stealth        | |  1.2

Action                     || total
---------------------------++-------
   Fire: Shortbow          ||    78
Ability: Dig               ||     2
    Use: Potion            ||     2
 Armour: Ring mail         ||     2
         Chain mail        ||    13
  Dodge: Dodged            ||    18
